 Dungeon Crawl Stone Soup version 0.27-a0-380-g150de4c (webtiles) character file.

Game seed: 13748647240241774018

42 MrTaco21 the Cudgeller (level 3, 0/23 HPs)
             Began as a Gargoyle Fighter on Feb 17, 2021.
             Slain by a worker ant (4 damage)
             ... on level 4 of the Dungeon.
             The game lasted 00:01:44 (1073 turns).

MrTaco21 the Cudgeller (Gargoyle Fighter)           Turns: 1073, Time: 00:01:44

Health: 0/23       AC: 11    Str: 20    XL:     3   Next: 54%
Magic:  12/12      EV:  7    Int:  8    God:
Gold:   45         SH:  0    Dex:  9    Spells: 2/2 levels left

rFire    . . .     SeeInvis .   a - +0 flail
rCold    . . .     Faith    .   c - +0 kite shield
rNeg     + . .     Spirit   .   b - +0 scale mail
rPois    ∞         Reflect  .   (no helmet)
rElec    +         Harm     .   (no cloak)
rCorr    .         Rampage  .   (no gloves)
Will     .....                  l - +0 pair of boots
Stlth    ..........             (no amulet)
HPRegen  0.07/turn              i - ring of magical power
MPRegen  0.13/turn              (no ring)

@: confused
A: negative energy resistance 1, electricity resistance, unbreathing,
petrification resistance, miasma immunity, AC +3
a: no special abilities


You were on level 4 of the Dungeon.
You visited 1 branch of the dungeon, and saw 3 of its levels.

You collected 45 gold pieces.

Inventory:

Hand Weapons
 a - a +0 flail (weapon)
Missiles
 g - 12 poisoned darts (quivered)
Armour
 b - a +0 scale mail (worn)
 c - a +0 kite shield (worn)
 l - a +0 pair of boots (worn)
   (You found it on level 1 of the Dungeon)
Jewellery
 i - a ring of magical power (left hand)
   (You found it on level 1 of the Dungeon)
Scrolls
 e - a scroll of teleportation {unknown}
 h - a scroll of amnesia {unknown}
 k - 2 scrolls of identify {unknown}
 n - a scroll of random uselessness {unknown}
Potions
 d - a potion of might
 f - a potion of berserk rage {unknown}
 j - 2 potions of degeneration {unknown}
 m - a potion of brilliance {unknown}


   Skills:
 - Level 3.2 Fighting
 + Level 3.8 Maces & Flails
 - Level 3.2 Armour
 - Level 3.2 Shields


You had 2 spell levels left.
You didn't know any spells.
Your spell library was empty.

Dungeon Overview and Level Annotations

Branches:
Dungeon (2/15)

Altars:


Innate Abilities, Weirdness & Mutations

You are resistant to torment.
Your stone body is resilient. (AC +3)
You are immune to poison.
You resist negative energy. (rN+)
You are resistant to electric shocks. (rElec)
You can survive without breathing.
You are immune to petrification.
You are immune to miasma.


Message History

The howler monkey hits you.
* * * LOW HITPOINT WARNING * * *
You block the worker ant's attack.
Unknown command.
The howler monkey hits you but does no damage.
A giant cockroach comes into view.
The howler monkey hits you.
* * * LOW HITPOINT WARNING * * *
The howler monkey hoots and howls with incredible vigour!
You hear a shout! x3; You hear an angry hiss.
The giant cockroach bites you.
* * * LOW HITPOINT WARNING * * *
The worker ant completely misses you.
The giant cockroach bites you but does no damage.
You block the giant cockroach's attack. The giant cockroach barely misses you.
Found a stone staircase leading up.
The howler monkey hoots and howls with incredible vigour!
You hear an angry hiss.
You hear a shout!
There is a stone staircase leading down here.
You open the door. The worker ant barely misses you.
The giant cockroach bites you but does no damage.
The worker ant bites you but does no damage.
You block the giant cockroach's attack. The howler monkey hits you.
* * * LOW HITPOINT WARNING * * *
There is an open door here.
The howler monkey hoots and howls with incredible vigour!
You open the door. The worker ant barely misses you.
The worker ant closely misses you.
There is an open door here.
The worker ant waves its antennae. 2 orc wizards come into view.
The orc wizard shouts! x2; You hear an angry hiss.
A worker ant comes into view. x2
The worker ant bites you but does no damage.
There is a stone staircase leading up here.
The orc wizard casts a spell at you.
You are confused.
The worker ant bites you but does no damage.
The orc shouts!
In your confused state, you trip and fall back down the stairs.
* * * LOW HITPOINT WARNING * * *
You hear a shout!
The giant cockroach bites you but does no damage.
The worker ant bites you.
* * * LOW HITPOINT WARNING * * *
Unknown command.
The giant cockroach barely misses you.
The howler monkey hits you but does no damage.
The worker ant bites you.
You die...

#.....# #............
...#.....###........#...
...........h>...........
..#####.###............
......#'###....###.....
#....................
#....................
#..BBh...........##..
#...@.....##...... ..
#.........##....#. ..
+.......#....
#......oB....
#.......o....
#.......B....
...#....o.o.
+...+........


You could see a howler monkey, 3 worker ants, 2 orc wizards, 2 orcs and a giant
cockroach.

Vanquished Creatures
  An adder (D:2)
  A dart slug (D:1)
  5 bats (D:1)
  A giant cockroach (D:1)
  4 goblins (D:1)
  A hobgoblin (D:1)
  3 jackals (D:1)
  A ball python (D:1)
  4 frilled lizards
  5 kobolds
  5 rats
31 creatures vanquished.

Notes
Turn   | Place    | Note
-------+----------+-------------------------------------------
     0 | D:1      | MrTaco21 the Gargoyle Fighter began the quest for the Orb.
     0 | D:1      | Reached XP level 1. HP: 14/14 MP: 1/1
   150 | D:1      | Reached XP level 2. HP: 19/19 MP: 2/2
   388 | D:1      | Reached XP level 3. HP: 19/23 MP: 3/3
  1040 | D:2      | You fall into a shaft and drop 2 floors!
  1073 | D:4      | Slain by a worker ant

Illustrated notes

Levels and vault maps discovered:
D:1:      lightli_arrival_quake, layout_rooms, minmay_nonomino_d4
D:2:      layout_loops_cross, uniq_natasha
D:4:      minmay_clustersquares, layout_basic, mrwooster_statue_mirror,
          amcnicky_mini_corridor_feature, uniq_crazy_yiuf_cottage

Skill      XL: |  1  2 |
---------------+-------+-----
Maces & Flails | 3 |  3.8
Fighting       | |  3.2
Armour         | |  3.2
Shields        | |  3.2

Action                   || total
-------------------------++-------
Melee: Flail             ||   101
Armor: Scale mail        ||    74
Dodge: Dodged            ||    45
Block: Kite shield       ||    69

Table legend: (Time is in decaauts)
 A = Elapsed time spent in this place.
 B = Non-inter-level travel time spent in this place.
 C = Inter-level travel time spent in this place.
 D = Time resting spent in this place.
 E = Time spent auto-exploring this place.
 F = Levels seen in this place.
 G = Mean time per level.
                   A        B        C        D        E       F      G
               +--------+--------+--------+--------+--------+-----+--------+
         Total |   1120 |   1118 |      2 |    158 |    697 |   3 |  373.3 |
       Dungeon |   1120 |   1118 |      2 |    158 |    697 |   3 |  373.3 |
               +--------+--------+--------+--------+--------+-----+--------+

Top non-repeatable levels by time:
     D:1: 717 daAuts
     D:2: 368 daAuts
     D:4: 35 daAuts
